AoeStats
← Arsen

Arabia

510042809Analyzed
1v1 RM · 4d ago on Sep 29, 2026· 67m 59s· 2 players
Game mode
Random Map
Map size
Tiny (2 player)
Population
200
Speed
Normal
Resources
Standard
Victory
Conquest
Starting age
Dark Age
Ending age
Imperial Age
RankedLock teamsTeams togetherTeam positionsShared explorationLock speedFull tech treeHidden civsTurbo modeCheats
Victory
Defeat
🇦🇷 Huns · Argentina
1102
+16
🇲🇽 Bohemians · Mexico
1103
-16
SHAKA
7:46 Loom
10:03 Feudal Age
16:37 Horse Collar
18:57 Town Watch
22:34 Forging
22:29 Scale Barding Armor
22:25 Padded Archer Armor
23:42 Wheelbarrow
22:59 Gold Mining
23:35 Fletching
29:15 Castle Age
27:22 Double-Bit Axe
29:54 Scale Mail Armor
29:19 Pikeman
35:07 Crossbowman
36:15 Bodkin Arrow
37:10 Bow Saw
37:21 Town Patrol
40:14 Heavy Plow
40:50 Gold Shaft Mining
40:59 Iron Casting
42:39 Hand Cart
42:49 Bloodlines
42:40 Husbandry
42:00 Light Cavalry
44:05 Chain Barding Armor
44:40 Stone Mining
49:45 Imperial Age
47:33 Thumb Ring
46:50 Elite Skirmisher
50:31 Leather Archer Armor
51:05 Plate Barding Armor
51:39 Two-Man Saw
50:56 Bracer
51:34 Ballistics
51:46 Cavalier
53:10 Hussar
57:26 Chemistry
57:45 Conscription
58:09 Marauders
59:24 Blast Furnace
65:05 Chain Mail Armor
64:48 Murder Holes
Arsen
7:03 Loom
9:40 Feudal Age
21:44 Castle Age
20:52 Fletching
21:15 Double-Bit Axe
22:12 Horse Collar
24:37 Scale Barding Armor
29:36 Forging
30:16 Wheelbarrow
30:53 Iron Casting
33:20 Chemistry
34:50 Bow Saw
38:20 Pikeman
39:11 Padded Archer Armor
39:14 Scale Mail Armor
42:24 Imperial Age
40:09 Squires
46:50 Conscription
46:18 Elite Skirmisher
48:00 Bodkin Arrow
48:21 Chain Mail Armor
48:45 Bracer
49:16 Heavy Plow
48:39 Halberdier
50:32 Plate Mail Armor
52:31 Hand Cart
53:40 Blast Furnace
53:07 Ballistics
53:45 Padded Archer Armor
53:48 Murder Holes
55:43 Town Watch
56:19 Leather Archer Armor
57:56 Ring Archer Armor
57:49 Arson
Connection lost

Rejoining the realm…

Still unreachable

The connection could not be restored.

Session expired

The server has moved on; the page needs a fresh start.